 Dungeon Crawl Stone Soup version 0.28-a0-87-g9a7839dea9 (webtiles) character file.

Game seed: 3037060248111400839

87 dracfodder the Chiller (level 4, -14/33 HPs)
             Began as a Demigod Ice Elementalist on Aug 6, 2021.
             Demolished by an ogre (28 damage)
             ... on level 3 of the Dungeon.
             The game lasted 00:17:59 (3449 turns).

dracfodder the Chiller (Demigod Ice Elementalist)   Turns: 3449, Time: 00:18:00

Health: -14/33     AC: 10    Str:  9    XL:     4   Next: 7%
Magic:  5/11       EV: 12    Int: 21    God:
Gold:   164        SH:  0    Dex: 14    Spells: 1/8 levels left

rFire   . . .      SeeInvis .   l - +1 great mace
rCold   . . .      Faith    .   (shield currently unavailable)
rNeg    . . .      Spirit   .   a - +2 robe
rPois   .          Reflect  .   (no helmet)
rElec   .          Harm     .   (no cloak)
rCorr   .          Rampage  .   (no gloves)
Will    +....                   (no boots)
Stlth   ++........              (no amulet)
HPRegen 0.11/turn               b - ring of willpower
MPRegen 0.12/turn               (no ring)

@: ice-armoured, freezing walls
A: high mp 1, forlorn
a: no special abilities


You were on level 3 of the Dungeon.
You visited 1 branch of the dungeon, and saw 3 of its levels.

You collected 164 gold pieces.

Inventory:

Hand Weapons
 e - a +1 vorpal spear
 l - a +1 great mace (weapon)
Missiles
 k - 31 stones
Armour
 a - a +2 robe (worn)
Jewellery
 b - a ring of willpower (left hand)
Scrolls
 c - 3 scrolls of teleportation
Potions
 d - a potion of might
 f - a potion of curing
 h - 2 potions of ambrosia {unknown}
 i - a potion of flight {unknown}


   Skills:
 + Level 0.1 Short Blades
 + Level 0.3 Maces & Flails
 + Level 1.7 Dodging
 + Level 2.0 Stealth
 + Level 0.2 Unarmed Combat
 * Level 2.8 Spellcasting
 * Level 4.4 Ice Magic


You had one spell level left.
You knew the following spells:

 Your Spells              Type           Power      Damage    Failure   Level
a - Freeze                Ice            84%        1d10      2%          1
b - Frozen Ramparts       Ice            42%        1d6       7%          3
c - Ozocubu's Armour      Ice            21%        N/A       7%          3

Your spell library contained the following spells:

 Spells                   Type           Power      Damage    Failure   Level
 Hailstorm                Conj/Ice       12%        3d5       47%         4


Dungeon Overview and Level Annotations

Branches:
Dungeon (3/15)


Innate Abilities, Weirdness & Mutations

Your attributes grow dramatically as you level up.
You have an increased reservoir of magic. (+10% MP)
You shall have no god before yourself.


Message History

Aim: an adder You freeze the adder!
The adder is severely wounded.
The adder seems to slow down.
The adder misses you.
Aiming: Freeze (safe; 2% risk of failure)
Press: ? - help, Q - select action, (/) - cycle Shift-Dir - straight line, f/p - adder
Aim: an adder (severely wounded, slow)
You freeze the adder!
You kill the adder!
You have reached level 4!
You start resting.
Magic restored.
You start waiting.
Done waiting.
You enter the shallow water.
Moving in this stuff is going to be slow.
You now have 153 gold pieces (gained 12).
You now have 164 gold pieces (gained 11).
You see here a +0 war axe.
You open the door.
A jackal and an ogre come into view.
Found 2 gold pieces.
Casting: Freeze (safe; 2% risk of failure)
Confirm with . or Enter, or press ? or * to list all spells.
The spell is quite dangerous to cast (7% risk of failure)!
Continue anyway?
Casting: Frozen Ramparts (quite dangerous; 7% risk of failure)
Press: ? - help, Dir - look around, f - activate The walls around you are covered in ice.
The wall freezes the ogre.
The ogre hits you with a +0 giant club!!
Ouch! That really hurt!
The jackal barks!
Casting: Frozen Ramparts (quite dangerous; 7% risk of failure)
Confirm with . or Enter, or press ? or * to list all spells.
The spell is quite dangerous to cast (7% risk of failure)!
Continue anyway?
A film of ice covers your body!
The wall freezes the ogre.
The ogre hits you with a +0 giant club!!
Ouch! That really hurt!
You die...

..#...)..#####.......#####.......
....###.............## ##......
.....###.####..####.# #.#####
..##..##..# #.##.$### #.#
..##..###.# #.#....# #.#####
..###.....###.#.h.. ##......
..###......##.##.. #####.......
....##......#..#O## #...........
.##.##..........@.# ##.##.......
..#.##.....#......# #.##.......
..#.##.....##.....## ##..........
..#.#.........#....###...........
................##...........>...
..........#...####.#.#####.......
.#.#.##........###.#.###.......##
.........##..#.........#.......#
..#..........#####.#...........#


You could see an ogre and a jackal.

Vanquished Creatures
  3 adders
  A dart slug (D:2)
  4 endoplasms
  4 giant cockroaches
  5 goblins
  5 hobgoblins
  7 jackals
  6 kobolds
  3 quokkas
  4 ball pythons
  4 bats (D:1)
  A frilled lizard (D:1)
  3 rats (D:2)
50 creatures vanquished.

Vanquished Creatures (others)
  A plant (D:3)
1 creature vanquished.

Grand Total: 51 creatures vanquished

Notes
Turn   | Place    | Note
-------+----------+-------------------------------------------
     0 | D:1      | dracfodder the Demigod Ice Elementalist began the quest for
                  | the Orb.
     0 | D:1      | Reached XP level 1. HP: 14/14 MP: 5/5
   674 | D:1      | Reached skill level 4 in Ice Magic
   674 | D:1      | Reached XP level 2. HP: 20/20 MP: 5/7
  1614 | D:2      | Reached XP level 3. HP: 11/26 MP: 5/9
  1621 | D:2      | Learned a level 3 spell: Frozen Ramparts
  3186 | D:3      | Learned a level 3 spell: Ozocubu's Armour
  3219 | D:3      | Reached XP level 4. HP: 33/33 MP: 8/11
  3447 | D:3      | Noticed an ogre
  3449 | D:3      | Demolished by an ogre

Illustrated notes

Levels and vault maps discovered:
D:1:      ncdulo_watergridlock, layout_rooms,
          ebering_ecumenical_altar_petrified, chequers_serial_rivers_large_b,
          chequers_garden
D:2:      layout_rooms, minmay_tetromino_o4
D:3:      layout_rooms, chequers_big_river, minmay_joined_circles

Skill      XL: |  1  2 |
---------------+-------+-----
Ice Magic      | 4 |  4.4
Spellcasting   | 2 |  2.8
Stealth        | 2 |  2.0
Short Blades   | |  0.1
Maces & Flails | |  0.3
Dodging        | |  1.7
Unarmed Combat | |  0.2

Action                   |  1- 3 |  4- 6 || total
-------------------------+-------+-------++-------
Melee: Short sword       |    12 |       ||    12
       Unarmed           |     2 |       ||     2
       Great mace        |    10 |       ||    10
 Cast: Freeze            |    58 |       ||    58
       Frozen Ramparts   |    11 |     1 ||    12
       Ozocubu's Armour  |       |     1 ||     1
  Use: Scroll            |    10 |       ||    10
Armor: Robe              |     9 |       ||     9
Dodge: Dodged            |    44 |       ||    44

Table legend: (Time is in decaauts)
 A = Elapsed time spent in this place.
 B = Non-inter-level travel time spent in this place.
 C = Inter-level travel time spent in this place.
 D = Time resting spent in this place.
 E = Time spent auto-exploring this place.
 F = Levels seen in this place.
 G = Mean time per level.
                   A        B        C        D        E       F      G
               +--------+--------+--------+--------+--------+-----+--------+
         Total |   3488 |   3305 |    183 |   1668 |   1126 |   3 | 1162.7 |
       Dungeon |   3488 |   3305 |    183 |   1668 |   1126 |   3 | 1162.7 |
               +--------+--------+--------+--------+--------+-----+--------+

Top non-repeatable levels by time:
     D:1: 1573 daAuts
     D:2: 1089 daAuts
     D:3: 825 daAuts
